 Dungeon Crawl Stone Soup version 0.30-a0-867-g305f33218d (webtiles) character file.

Game seed: 8111297604245229147

2690 bmack86 the Cleaver (level 9, 0/74 (79) HPs)
             Began as a Minotaur Fighter on Mar 11, 2023.
             Slain by a wight
             ... wielding a +5 great sword
              (4 damage)
             ... on level 8 of the Dungeon.
             The game lasted 00:15:07 (5807 turns).

bmack86 the Cleaver (Minotaur Fighter)              Turns: 5807, Time: 00:15:08

HP:   0/74 (79)     AC: 14    Str: 31    XL:     9   Next: 38%
MP:   8/8           EV:  7    Int:  5    God:
Gold: 508           SH: 10    Dex: 10    Spells: 8/8 levels left

rFire   . . .      SeeInvis .    a - +0 war axe
rCold   . . .      Faith    .    c - +0 buckler
rNeg    . . .      Spirit   .    B - +0 plate armour
rPois   .          Reflect  +    (helmet restricted)
rElec   .          Rampage  .    m - +0 cloak
rCorr   .                        (no gloves)
Will    .....                    (no boots) Stlth
                                 l - amulet of reflection
HPRegen 0.32/turn                v - +6 ring of strength
MPRegen 0.11/turn                (no ring)

@: drained
A: horns 2, retaliatory headbutt
a: no special abilities


You were on level 8 of the Dungeon.
You visited 2 branches of the dungeon, and saw 9 of its levels.

You collected 508 gold pieces.

Inventory:

Hand Weapons
 a - a +0 war axe (weapon)
Missiles
 i - 6 poisoned darts
 k - a throwing net (quivered)
Armour
 c - a +0 buckler (worn)
 m - a +0 cloak (worn)
 B - a +0 plate armour (worn)
Jewellery
 l - an amulet of reflection (around neck)
 v - a +6 ring of strength (left hand)
Scrolls
 j - 2 scrolls of enchant weapon {unknown}
 n - 3 scrolls of teleportation
 o - a scroll of butterflies
 p - a scroll of noise {unknown}
 r - a scroll of amnesia {unknown}
 s - a scroll of torment {unknown}
 t - a scroll of fear {unknown}
 u - 3 scrolls of brand weapon {unknown}
 w - a scroll of poison
 y - a scroll of vulnerability {unknown}
 A - a scroll of enchant armour {unknown}
Potions
 d - a potion of might
 e - 3 potions of curing
 f - a potion of resistance
 h - 4 potions of attraction
 q - a potion of heal wounds
 x - a potion of flight
 z - a potion of invisibility {unknown}


   Skills:
 + Level 7.4 Fighting
 * Level 9.4 Axes
 + Level 4.5 Throwing
 + Level 7.3 Armour
 + Level 7.3 Shields


You had 8 spell levels left.
You didn't know any spells.
Your spell library contained the following spells:

 Spells                   Type           Power      Damage    Failure   Level
 Apportation              Tloc           0%         N/A       99%         1
 Kiss of Death            Conj/Necr      0%         2d5       99%         1
 Necrotise                Necr           0%         1d4       99%         1
 Summon Small Mammal      Summ           0%         N/A       99%         1
 Scorch                   Fire           0%         2d5       100%        2
 Sublimation of Blood     Necr           0%         N/A       100%        2
 Confusing Touch          Hex            0%         N/A       100%        3
 Inner Flame              Hex/Fire       0%         N/A       100%        3
 Portal Projectile        Hex/Tloc       0%         N/A       100%        3
 Stone Arrow              Conj/Erth      0%         3d7       100%        3
 Tukima's Dance           Hex            0%         N/A       100%        3
 Animate Armour           Summ/Erth      0%         N/A       100%        4
 Cause Fear               Hex            0%         N/A       100%        4
 Dispel Undead            Necr           0%         3d6       100%        4
 Flame Wave               Conj/Fire      0%         2d4       100%        4
 Petrify                  Tmut/Erth      0%         N/A       100%        4
 Blade Hands              Tmut           0%         N/A       100%        5
 Irradiate                Conj/Tmut      0%         3d11      100%        5
 Summon Cactus Giant      Summ           0%         N/A       100%        6
 Discord                  Hex            0%         N/A       100%        8
 Lehudib's Crystal Spear  Conj/Erth      0%         10d2      100%        8


Dungeon Overview and Level Annotations

Branches:
Dungeon (8/15)             Temple (1/1) D:4
   Lair: D:8-11

Altars:
Ashenzari
Cheibriados
Fedhas
Gozag
Hepliaklqana
Makhleb
Qazlal
Ru
Sif Muna
Trog
Uskayaw
Vehumet
Wu Jian
Xom
Yredelemnul
Zin
The Shining One


Innate Abilities, Weirdness & Mutations

You have a pair of horns on your head.
You reflexively headbutt those who attack you in melee.


Message History

You furiously retaliate!
You headbutt the howler monkey.
The howler monkey hits you but does no damage.
You hit the howler monkey.
You kill the howler monkey!
Your life force feels restored.
A wight comes into view. It is wielding a +0 great sword.
The wight hits you with a +0 great sword.
You feel drained.
You hit the wight but do no damage. Your headbutt misses the wight.
You block the wight's attack.
You slash the wight!
The wight is severely damaged.
The wight hits you but does no damage.
You barely miss the wight. Your headbutt misses the wight.
The wight is severely damaged.
The wight hits you with a +0 great sword!
You feel drained.
You slash the wight!
You destroy the wight!
A wight comes into view. It is wielding a +5 great sword.
Things that are here:
a +0 great sword; a +0 robe You hit the wight but do no damage.
You block the wight's attack.
You hit the wight.
The wight is lightly damaged.
The wight hits you with a +5 great sword!
You barely miss the wight. Your headbutt misses the wight.
The wight is lightly damaged.
The wight hits you with a +5 great sword!
* * * LOW HITPOINT WARNING * * *
You hit the wight but do no damage. Your headbutt misses the wight.
The wight is lightly damaged.
You block the wight's attack. x2
You hit the wight but do no damage. You headbutt the wight.
The wight is moderately damaged.
A wight comes into view. It is wielding a +0 great sword.
The wight hits you with a +5 great sword!
* * * LOW HITPOINT WARNING * * *
You feel drained.
You die...

. ..≈≈.. ♣♣♣♣.§§§..# .#
.....§§≈... .#
......≈≈§.# .##
.≈≈≈≈≈≈≈..# ..
.≈§≈§≈≈§..# .######
......§...#####+#.#.....
..........#.........z#
###.####........@z#
###'####.#..))..).#
............>)....+
##.....#.#...)....#
##.....#.#........#
###+####.#..<.....# #
#.###+###### #.. ###


You could see 2 wights.

Vanquished Creatures
  A kobold demonologist (D:6)
  A troll (D:7)
  2 orc warriors (D:7)
  2 ice beasts (D:6)
  A sky beast (D:7)
  2 ogres
  A centaur (D:8)
  A bullfrog (D:8)
  A gnoll sergeant (D:6)
  4 wights (D:8)
  5 killer bees
  A howler monkey (D:8)
  4 jellies
  3 orc priests
  Crazy Yiuf (D:4)
  3 hounds
  A sleepcap (D:6)
  5 iguanas
  3 orc wizards
  Robin (D:4)
  11 adders
  15 gnolls
  2 white imps
  2 ufetubi
  3 worms
  2 dart slugs
  12 orcs
  6 ball pythons
  4 bats
  3 endoplasms
  5 giant cockroaches
  15 goblins
  5 hobgoblins
  7 jackals
  7 quokkas
  A frilled lizard (D:1)
  9 kobolds
  4 rats
156 creatures vanquished.

Vanquished Creatures (others)
  3 fungi (D:4)
  6 plants (D:4)
9 creatures vanquished.

Grand Total: 165 creatures vanquished

Notes
Turn   | Place    | Note
-------+----------+-------------------------------------------
     0 | D:1      | bmack86 the Minotaur Fighter began the quest for the Orb.
     0 | D:1      | Reached XP level 1. HP: 19/19 MP: 0/0
   146 | D:1      | Reached XP level 2. HP: 17/27 MP: 1/1
   264 | D:1      | Reached skill level 3 in Axes
   599 | D:2      | Reached XP level 3. HP: 24/33 MP: 2/2
   609 | D:2      | HP: 1/33 [gnoll/+0 spear (6)]
   905 | D:2      | Reached XP level 4. HP: 40/40 MP: 3/3
   979 | D:2      | Reached skill level 4 in Axes
  1383 | D:2      | Reached XP level 5. HP: 44/47 MP: 4/4
  1475 | D:2      | Found a stormy altar of Qazlal.
  1828 | D:3      | Found a shimmering blue altar of Sif Muna.
  1890 | D:3      | You fall into a shaft and drop 1 floor!
  1920 | D:4      | Found a runed translucent door.
  1921 | D:4      | Noticed Crazy Yiuf
  1929 | D:4      | Killed Crazy Yiuf
  1999 | D:4      | Reached skill level 5 in Axes
  2168 | D:4      | Identified the +1 helmet of Autumn {rC+ rCorr Int-5}
  2168 | D:4      | Noticed Robin
  2179 | D:4      | Killed Robin
  2180 | D:4      | Reached skill level 1 in Throwing
  2180 | D:4      | Reached XP level 6. HP: 46/55 MP: 5/5
  2303 | D:4      | Reached skill level 5 in Fighting
  2312 | D:4      | Reached skill level 5 in Shields
  2337 | D:4      | Reached skill level 5 in Armour
  2360 | D:4      | Found a staircase to the Ecumenical Temple.
  2365 | D:4      | Found a faded altar of an unknown god.
  2389 | Temple   | Entered the Ecumenical Temple
  2744 | D:5      | Entered Level 5 of the Dungeon
  2996 | D:5      | Reached XP level 7. HP: 61/61 MP: 6/6
  3092 | D:5      | Reached skill level 6 in Axes
  3625 | D:6      | Found a stormy altar of Qazlal.
  3626 | D:6      | Noticed a kobold demonologist
  3667 | D:6      | Killed a kobold demonologist
  3747 | D:6      | Reached skill level 7 in Axes
  3799 | D:6      | Reached XP level 8. HP: 70/70 MP: 7/7
  4046 | D:6      | Found a blossoming altar of Fedhas.
  4479 | D:6      | Reached skill level 8 in Axes
  4674 | D:7      | Noticed a troll
  4684 | D:7      | Killed a troll
  4859 | D:7      | Reached XP level 9. HP: 78/78 MP: 8/8
  5363 | D:7      | Reached skill level 9 in Axes
  5807 | D:8      | Slain by a wight

Illustrated notes

Levels and vault maps discovered:
D:1:      lightli_arrival_quake, layout_rooms
D:2:      layout_loops_corners, basic_altar, nicolae_hexahallways
D:3:      layout_rooms, nicolae_sif_muna_condensation,
          gammafunk_temple_overflow_pools, minmay_parallelograms,
          kennysheep_jessica_study
D:4:      layout_rooms, nicolae_temple_entry_ecumenical, uniq_robin,
          uniq_crazy_yiuf_cottage
D:5:      layout_basic, chequers_serial_rivers_small_a,
          chequers_serial_rivers_micro_a
D:6:      layout_cave_pools, mainiacjoe_overflow_paths,
          overflow_temple_1_default, minmay_fountain_box,
          chequers_serial_rivers_small_3, grunt_ministairs_3
D:7:      layout_basic, minmay_small_thing
D:8:      layout_basic, amcnicky_altar_gilded, mainiacjoe_overflow_chevrons
Temple:   eino_temple_lava

Skill      XL: |  1  2  3  4  5  6  7  8  9 |
---------------+----------------------------+-----
Axes           | 3 4 5 7 8 9 |  9.4
Fighting       | 4 5 6 7 |  7.4
Armour         | 4 5 6 7 |  7.3
Shields        | 4 5 6 7 |  7.3
Throwing       | 1 2 4 |  4.5

Action                     |  1- 3 |  4- 6 |  7- 9 || total
---------------------------+-------+-------+-------++-------
  Melee: War axe           |    48 |   140 |   178 ||   366
         Headbutt          |     3 |    23 |    30 ||    56
    Use: Scroll            |     4 |     3 |     5 ||    12
 Armour: Scale mail        |     9 |       |       ||     9
         Ring mail         |    19 |    53 |    51 ||   123
         Plate armour      |       |       |    30 ||    30
  Dodge: Dodged            |    35 |    84 |    84 ||   203
  Block: Buckler           |    11 |    79 |   126 ||   216
         Reflection        |       |     1 |     5 ||     6

Table legend: (Time is in decaauts)
 A = Elapsed time spent in this place.
 B = Non-inter-level travel time spent in this place.
 C = Inter-level travel time spent in this place.
 D = Time resting spent in this place.
 E = Time spent auto-exploring this place.
 F = Levels seen in this place.
 G = Mean time per level.
                   A        B        C        D        E       F      G
               +--------+--------+--------+--------+--------+-----+--------+
         Total |   5893 |   5724 |    169 |    591 |   3618 |   9 |  654.8 |
       Dungeon |   5805 |   5636 |    169 |    591 |   3551 |   8 |  725.6 |
        Temple |     88 |     88 |      0 |      0 |     67 |   1 |   88.0 |
               +--------+--------+--------+--------+--------+-----+--------+

Top non-repeatable levels by time:
     D:2: 1235 daAuts
     D:6: 1139 daAuts
     D:7: 928 daAuts
     D:4: 786 daAuts
     D:5: 691 daAuts
     D:1: 564 daAuts
     D:8: 333 daAuts
     D:3: 125 daAuts
  Temple: 88 daAuts
